BSA
HENDERSONVILLE HITMEN @ ST. LOUIS BROWNS
07/21/2030
 
TOP OF THE 1ST
Hendersonville Hitmen batting - Pitching for St. Louis Browns : LHP Jeff Sandusky
Pitching: LHP Jeff Sandusky
Batting: SHB Félix Montoya 0-0: Ball
1-0: Ground out 1-6-3 (Groundball, 15S)
Batting: SHB José Estreito 0-0: Ball
1-0: Ball
2-0: Ball
3-0: Base on Balls
Batting: RHB Felipe Jareño 0-0: Ball
José Estreito steals 2nd base
1-0: Called Strike
1-1: Ball
2-1: Foul Ball, location: 2F
2-2: Fly out, F7 (Flyball, 7LS)
Batting: RHB Ron Glass 0-0: Ground out 5-3 (Groundball, 2L)
Top of the 1st over - 0 runs, 0 hits, 0 errors, 1 left on base; Hendersonville 0 - St. Louis 0
BOTTOM OF THE 1ST
St. Louis Browns batting - Pitching for Hendersonville Hitmen : RHP Lee Hecker
Pitching: RHP Lee Hecker
Batting: RHB Javier Martínez 0-0: Foul Ball, location: 2F
0-1: Ball
1-1: Ball
2-1: Foul Ball, location: 2F
2-2: Strikes out swinging
Batting: RHB Pepe Carrasco 0-0: Ball
1-0: Called Strike
1-1: Ball
2-1: Ground out 6-3 (Groundball, 6)
Batting: LHB Mike Hill 0-0: Ball
1-0: Foul Ball, location: 2F
1-1: Ball
2-1: Foul Ball, location: 2F
2-2: Fly out, F9 (Line Drive, 89D)
Bottom of the 1st over - 0 runs, 0 hits, 0 errors, 0 left on base; Hendersonville 0 - St. Louis 0
TOP OF THE 2ND
Hendersonville Hitmen batting - Pitching for St. Louis Browns : LHP Jeff Sandusky
Batting: SHB Rick Turner 0-0: Ball
1-0: Fly out, F6 (Line Drive, 6)
Batting: LHB Pedro Gonzáles 0-0: Called Strike
0-1: Ball
1-1: Called Strike
1-2: Foul Ball, location: 2F
1-2: Ball
2-2: Strikes out swinging
Batting: LHB Pedro Rodríguez 0-0: Foul Ball, location: 2F
0-1: Called Strike
0-2: Ball
1-2: Ball
2-2: Foul Ball, location: 2F
2-2: Fly out, F7 (Flyball, 7S)
Top of the 2nd over - 0 runs, 0 hits, 0 errors, 0 left on base; Hendersonville 0 - St. Louis 0
BOTTOM OF THE 2ND
St. Louis Browns batting - Pitching for Hendersonville Hitmen : RHP Lee Hecker
Batting: LHB Norberto Muñóz 0-0: Ground out 4-3 (Groundball, 4)
Batting: RHB Carlos Alfaro 0-0: Ball
1-0: Called Strike
1-1: Ball
2-1: Foul Ball, location: 2F
2-2: Ball
3-2: Ground out 5-3 (Groundball, 56S)
Batting: SHB Víctor Serrano 0-0: Foul Ball, location: 2F
0-1: Ball
1-1: Called Strike
1-2: Foul Ball, location: 2F
1-2: Foul Ball, location: 2F
1-2: Fly out, F8 (Flyball, 8RD)
Bottom of the 2nd over - 0 runs, 0 hits, 0 errors, 0 left on base; Hendersonville 0 - St. Louis 0
TOP OF THE 3RD
Hendersonville Hitmen batting - Pitching for St. Louis Browns : LHP Jeff Sandusky
Batting: LHB Tommy Payne 0-0: Ball
1-0: Swinging Strike
1-1: Called Strike
1-2: Ball
2-2: Strikes out swinging
Batting: RHB Boyd Pittman 0-0: Called Strike
0-1: SINGLE (Groundball, 6MD)
Batting: SHB Félix Montoya 0-0: Ball
1-0: Called Strike
1-1: Ball
2-1: Foul Ball, location: 2F
2-2: Fielders Choice at 2nd, 6-4 (Groundball, 6D)
Batting: SHB José Estreito 0-0: Ball
1-0: Called Strike
1-1: Foul Ball, location: 2F
1-2: Ball
Félix Montoya steals 2nd base
2-2: Foul Ball, location: 2F
2-2: Ground out 5-3 (Groundball, 56S)
Top of the 3rd over - 0 runs, 1 hit, 0 errors, 1 left on base; Hendersonville 0 - St. Louis 0
BOTTOM OF THE 3RD
St. Louis Browns batting - Pitching for Hendersonville Hitmen : RHP Lee Hecker
Batting: LHB Junior Coates 0-0: Ball
1-0: Ball
2-0: Ball
3-0: Base on Balls
Batting: RHB Domingo Romero 0-0: Swinging Strike
0-1: Called Strike
0-2: Ball
1-2: Foul Ball, location: 2F
1-2: Ball
2-2: SINGLE (Flyball, 56D)
Junior Coates to second
Batting: RHB José Flores 0-0: Ball
1-0: Called Strike
1-1: Ball
2-1: Grounds into double play, 1-6-3 (Groundball, 13S)
Junior Coates to third
Batting: RHB Javier Martínez 0-0: Called Strike
0-1: SINGLE (Flyball, 8LS)
Junior Coates scores
Batting: RHB Pepe Carrasco 0-0: Called Strike
Javier Martínez steals 2nd base
0-1: Swinging Strike
0-2: Foul Ball, location: 2F
0-2: Foul Ball, location: 2F
0-2: Fly out, F7 (Flyball, 7D)
Bottom of the 3rd over - 1 run, 2 hits, 0 errors, 1 left on base; Hendersonville 0 - St. Louis 1
TOP OF THE 4TH
Hendersonville Hitmen batting - Pitching for St. Louis Browns : LHP Jeff Sandusky
Batting: RHB Felipe Jareño 0-0: Ball
1-0: Ball
2-0: Ball
3-0: Called Strike
3-1: Fly out, F4 (Popup, 4)
Batting: RHB Ron Glass 0-0: Called Strike
0-1: Ball
1-1: Ground out 1-3 (Groundball, 15)
Batting: SHB Rick Turner 0-0: Called Strike
0-1: Fly out, F4 (Line Drive, 4M)
Top of the 4th over - 0 runs, 0 hits, 0 errors, 0 left on base; Hendersonville 0 - St. Louis 1
BOTTOM OF THE 4TH
St. Louis Browns batting - Pitching for Hendersonville Hitmen : RHP Lee Hecker
Batting: LHB Mike Hill 0-0: Ball
1-0: Foul Ball, location: 2F
1-1: SINGLE (Line Drive, 7LM)
Batting: LHB Norberto Muñóz 0-0: Ball
Wild Pitch!
Mike Hill to second
1-0: SINGLE (Line Drive, 89S)
Mike Hill to third
Batting: RHB Carlos Alfaro 0-0: Swinging Strike
0-1: Ball
1-1: Foul Ball, location: 2F
1-2: Grounds into double play, 5-4-3 (Groundball, 5)
Mike Hill scores
Batting: SHB Víctor Serrano 0-0: Ground out U3 (Groundball, 34)
Bottom of the 4th over - 1 run, 2 hits, 0 errors, 0 left on base; Hendersonville 0 - St. Louis 2
TOP OF THE 5TH
Hendersonville Hitmen batting - Pitching for St. Louis Browns : LHP Jeff Sandusky
Batting: LHB Pedro Gonzáles 0-0: Called Strike
0-1: Foul Ball, location: 2F
0-2: SINGLE (Line Drive, 6D)
Batting: LHB Pedro Rodríguez 0-0: Ball
1-0: Grounds into double play, 6-4-3 (Groundball, 6M)
Batting: LHB Tommy Payne 0-0: Ground out 6-3 (Groundball, 4M)
Top of the 5th over - 0 runs, 1 hit, 0 errors, 0 left on base; Hendersonville 0 - St. Louis 2
BOTTOM OF THE 5TH
St. Louis Browns batting - Pitching for Hendersonville Hitmen : RHP Lee Hecker
Batting: LHB Junior Coates 0-0: Ball
1-0: Swinging Strike
1-1: Ball
2-1: Foul Ball, location: 2F
2-2: Strikes out swinging
Batting: RHB Domingo Romero 0-0: Ball
1-0: Ground out 4-3 (Groundball, 34)
Batting: RHB José Flores 0-0: Foul Ball, location: 2F
0-1: Fly out, F8 (Line Drive, 8LM)
Bottom of the 5th over - 0 runs, 0 hits, 0 errors, 0 left on base; Hendersonville 0 - St. Louis 2
TOP OF THE 6TH
Hendersonville Hitmen batting - Pitching for St. Louis Browns : LHP Jeff Sandusky
Batting: RHB Boyd Pittman 0-0: Ball
1-0: Ground out 5-3 (Groundball, 5S)
Batting: SHB Félix Montoya 0-0: Swinging Strike
0-1: Ball
1-1: Swinging Strike
1-2: Foul Ball, location: 2F
1-2: Strikes out swinging
Batting: SHB José Estreito 0-0: Foul Ball, location: 2F
0-1: Ground out 4-3 (Groundball, 34)
Top of the 6th over - 0 runs, 0 hits, 0 errors, 0 left on base; Hendersonville 0 - St. Louis 2
BOTTOM OF THE 6TH
St. Louis Browns batting - Pitching for Hendersonville Hitmen : RHP Lee Hecker
Batting: RHB Javier Martínez 0-0: Swinging Strike
0-1: Ball
1-1: Ball
2-1: Ground out 1-3 (Groundball, 13)
Batting: RHB Pepe Carrasco 0-0: Ball
1-0: Ball
2-0: Swinging Strike
2-1: Fly out, F8 (Line Drive, 8LD)
Batting: LHB Mike Hill 0-0: Fly out, F8 (Flyball, 8LD)
Bottom of the 6th over - 0 runs, 0 hits, 0 errors, 0 left on base; Hendersonville 0 - St. Louis 2
TOP OF THE 7TH
Hendersonville Hitmen batting - Pitching for St. Louis Browns : LHP Jeff Sandusky
Batting: RHB Felipe Jareño 0-0: Foul Ball, location: 2F
0-1: Foul Ball, location: 2F
0-2: Strikes out swinging
Batting: RHB Ron Glass 0-0: Foul Ball, location: 2F
0-1: Ball
1-1: Ball
2-1: Called Strike
2-2: Strikes out swinging
Batting: SHB Rick Turner 0-0: Ball
1-0: Ground out 4-3 (Groundball, 4)
Top of the 7th over - 0 runs, 0 hits, 0 errors, 0 left on base; Hendersonville 0 - St. Louis 2
BOTTOM OF THE 7TH
St. Louis Browns batting - Pitching for Hendersonville Hitmen : RHP Lee Hecker
Batting: LHB Norberto Muñóz 0-0: Called Strike
0-1: Called Strike
0-2: Ground out 4-3 (Groundball, 4)
Batting: RHB Carlos Alfaro 0-0: Ball
1-0: Ball
2-0: Ball
3-0: Called Strike
3-1: Base on Balls
Batting: SHB Víctor Serrano 0-0: SINGLE (Line Drive, 3D)
Carlos Alfaro to second
Batting: LHB Junior Coates 0-0: Foul Ball, location: 2F
0-1: Ball
1-1: Swinging Strike
1-2: Strikes out looking
Batting: RHB Domingo Romero 0-0: Ball
1-0: Ground out 5-3 (Groundball, 2L)
Bottom of the 7th over - 0 runs, 1 hit, 0 errors, 2 left on base; Hendersonville 0 - St. Louis 2
TOP OF THE 8TH
Hendersonville Hitmen batting - Pitching for St. Louis Browns : LHP Jeff Sandusky
Batting: LHB Pedro Gonzáles 0-0: Ball
1-0: Ground out 4-3 (Groundball, 4)
Batting: LHB Pedro Rodríguez 0-0: Called Strike
0-1: Ball
1-1: Ground out 4-3 (Groundball, 4)
Batting: LHB Tommy Payne 0-0: Called Strike
0-1: Ball
1-1: Swinging Strike
1-2: Strikes out swinging
Top of the 8th over - 0 runs, 0 hits, 0 errors, 0 left on base; Hendersonville 0 - St. Louis 2
BOTTOM OF THE 8TH
St. Louis Browns batting - Pitching for Hendersonville Hitmen : RHP Lee Hecker
Batting: RHB José Flores 0-0: Ball
1-0: Called Strike
1-1: Ball
2-1: Ball
3-1: Fly out, F9 (Flyball, 9)
Batting: RHB Javier Martínez 0-0: Called Strike
0-1: Foul Ball, location: 2F
0-2: Ground out 5-3 (Groundball, 25)
Batting: RHB Pepe Carrasco 0-0: Foul Ball, location: 2F
0-1: Ground out 5-3 (Groundball, 56)
Bottom of the 8th over - 0 runs, 0 hits, 0 errors, 0 left on base; Hendersonville 0 - St. Louis 2
TOP OF THE 9TH
Hendersonville Hitmen batting - Pitching for St. Louis Browns : LHP Jeff Sandusky
Pitching: RHP Jorge Pérez
Now in RF: Miguel Medellín
Batting: RHB Boyd Pittman 0-0: Called Strike
0-1: Ball
1-1: Ball
2-1: Ball
3-1: Foul Ball, location: 2F
3-2: Base on Balls
Batting: SHB Félix Montoya 0-0: Swinging Strike
0-1: Ball
1-1: Fielders Choice at 2nd, 6-4 (Groundball, 6)
Pinch Hitting: LHB Robert Phillips 0-0: Foul Ball, location: 2F
0-1: Called Strike
0-2: Ball
1-2: Ball
2-2: Foul Ball, location: 2F
2-2: Ball
3-2: Foul Ball, location: 2F
3-2: Base on Balls
Félix Montoya to second
Batting: RHB Felipe Jareño 0-0: Ball
1-0: Grounds into double play, 6-4-3 (Groundball, 56)
Top of the 9th over - 0 runs, 0 hits, 0 errors, 1 left on base; Hendersonville 0 - St. Louis 2
Saturday, April 7th, 2018 - OOTP Baseball 18.8 Build 76